 Dungeon Crawl Stone Soup version 0.29.1-15-g9cfb28693d (webtiles) character file.

Game seed: 345904394741630805

45145 KamiKatze the Severer (level 14, -16/127 HPs)
             Began as a Minotaur Berserker on Mar 14, 2023.
             Was a High Priest of Trog.
             Drowned by a drowned soul (17 damage)
             ... summoned by a merfolk avatar
             ... on level 5 of the Lair of Beasts.
             The game lasted 01:02:48 (15730 turns).

KamiKatze the Severer (Minotaur Berserker)         Turns: 15730, Time: 01:02:48

Health: -16/127    AC: 20    Str: 26    XL:     14   Next: 0%
Magic:  13/13      EV: 10    Int:  4    God:    Trog [*****.]
Gold:   444        SH: 10    Dex:  9    Spells: 13/13 levels left

rFire   + . .      SeeInvis .   a - +5 broad axe (vorpal)
rCold   . . .      Faith    .   L - +0 kite shield
rNeg    . . .      Spirit   .   v - +1 chain mail {Will+}
rPois   .          Reflect  .   (helmet restricted)
rElec   +          Harm     .   (no cloak)
rCorr   +          Rampage  .   V - +4 pair of gloves of Edighuy {rElec Regen+ rCorr Dex-2}
Will    ++...                   i - +0 pair of boots
Stlth   ..........              U - amulet of regeneration
HPRegen 1.91/turn               x - ring of flight
MPRegen 0.13/turn               B - ring of protection from fire

@: spiked, flying, mesmerised
A: horns 2, retaliatory headbutt
a: Renounce Religion, Berserk, Trog's Hand, Brothers in Arms


You were on level 5 of the Lair of Beasts.
You worshipped Trog.
Trog was extremely pleased with you.
You visited 3 branches of the dungeon, and saw 16 of its levels.
You also visited: Bailey and Gauntlet.

You collected 1548 gold pieces.
You spent 1104 gold pieces at shops.

Inventory:

Hand Weapons
 a - a +5 vorpal broad axe (weapon)
 b - a +5 war axe
 w - a +1 morningstar
 Z - a +4 antimagic battleaxe
Missiles
 y - 34 poisoned darts (quivered)
 H - 6 throwing nets
 J - 5 curare-tipped darts
 K - 4 datura-tipped darts
Armour
 i - a +0 pair of boots (worn)
 v - a +1 chain mail of willpower (worn)
 L - a +0 kite shield (worn)
 S - a +1 scale mail of cold resistance
 V - the +4 pair of gloves of Edighuy (worn) {rElec Regen+ rCorr Dex-2}
   (You acquired it on level 8 of the Dungeon)

   Dex:       It affects your dexterity (-2).
   rElec:     It insulates you from electricity.
   Regen:     It increases your rate of health regeneration.
   rCorr:     It protects you from acid and corrosion.
Jewellery
 d - a ring of positive energy
 e - a ring of willpower
 h - a ring of see invisible
 l - the ring "Yresmomi" {rF- rN+ Int+4 Dex+6}
   (You found it in a Gauntlet)

   [ring of positive energy]

   Int:       It affects your intelligence (+4).
   Dex:       It affects your dexterity (+6).
   rF:        It makes you vulnerable to fire.
   rN:        It protects you from negative energy.
 x - a ring of flight (left hand)
 z - the ring "Ypito" {Will+ MP+9 Int+2}
   (You took it off a minotaur in a Gauntlet)

   [ring of magical power]

   Int:       It affects your intelligence (+2).
   MP:        It affects your magic capacity (+9).
   Will:      It increases your willpower.
 B - a ring of protection from fire (right hand)
 G - an amulet of reflection
 M - a ring of protection from cold
 P - a ring of poison resistance
 U - an amulet of regeneration (around neck)
Wands
 c - a wand of digging (6)
 A - a wand of charming (31)
 E - a wand of roots (15)
 R - a wand of mindburst (20)
 T - a wand of flame (13)
Scrolls
 f - 3 scrolls of blinking
 k - 6 scrolls of vulnerability
 p - a scroll of enchant armour
 r - 2 scrolls of fear
 s - 4 scrolls of poison
 t - a scroll of silence
 u - a scroll of summoning
 D - a scroll of immolation
 N - 2 scrolls of fog
 O - 4 scrolls of teleportation
 X - a scroll of enchant weapon
Potions
 g - 7 potions of curing
 j - 5 potions of lignification
 m - 6 potions of heal wounds
 n - 2 potions of mutation
 o - 5 potions of magic
 q - 4 potions of flight
 C - 5 potions of might
 F - 2 potions of haste
 Q - a potion of attraction {unknown}
Miscellaneous
 W - a tin of tremorstones (2/2)


   Skills:
 * Level 12.7 Fighting
 + Level 17.6 Axes
 - Level 4.0 Throwing
 * Level 11.5 Armour
 * Level 10.7 Dodging
 * Level 9.6 Shields
 + Level 5.0 Evocations


You had 13 spell levels left.
You didn't know any spells.
Your spell library was empty.

Dungeon Overview and Level Annotations

Branches:
Dungeon (10/15)            Temple (1/1) D:4            Lair (5/5) D:9
  Swamp (0/4) Lair:3       Spider (0/4) Lair:3        Slime (0/5) Lair:4
 Bailey (visited)         Gauntlet (visited)
    Orc: D:9-12

Altars:
Ashenzari
Cheibriados
Dithmenos
Elyvilon
Fedhas
Gozag
Hepliaklqana
Kikubaaqudgha
Makhleb
Nemelex Xobeh
Okawaru
Qazlal
Ru
Sif Muna
Trog
Uskayaw
Vehumet
Wu Jian
Xom
Yredelemnul
Zin
The Shining One
Jiyva

Shops:
D:5 (   D:6 *   D:7 :=   D:8 ?

Annotations:
D:2 dig in w:1
Lair:4 3 runed translucent doors, exclusion: 3 doors, duchin's ghost, journeyman MfHu


Innate Abilities, Weirdness & Mutations

You have a pair of horns on your head.
You reflexively headbutt those who attack you in melee.


Message History

You closely miss the merfolk avatar.
Your headbutt misses the merfolk avatar.
The merfolk avatar is heavily wounded.
You slash the drowned soul!
You destroy the drowned soul!
The drowned soul returns to the deep!
You barely miss the manticore. You slice the plant!!
You slash the drowned soul! You block the manticore's attack. x2
The manticore claws you but does no damage.
The merfolk avatar chants its luring song.
The drowned soul touches you. The drowned soul drowns you!
* * * LOW HITPOINT WARNING * * *
The barbed spikes dig painfully into your body as you move.
* * * LOW HITPOINT WARNING * * *
You block the manticore's attack. The manticore claws you.
* * * LOW HITPOINT WARNING * * *
The manticore closely misses you.
The merfolk avatar chants its luring song.
You see here a potion of heal wounds.
You closely miss the merfolk avatar.
Your headbutt misses the merfolk avatar.
The merfolk avatar is heavily wounded.
You hit the manticore but do no damage. You slash the drowned soul!
The manticore barely misses you. You furiously retaliate!
You headbutt the manticore.
The manticore claws you but does no damage. x2
The drowned soul touches you.
* * * LOW HITPOINT WARNING * * *
The drowned soul drowns you!
* * * LOW HITPOINT WARNING * * *
You hit the merfolk avatar.
The merfolk avatar is heavily wounded.
You slice the manticore!! You slash the drowned soul!
A nearby plant withers and dies.
The merfolk avatar chants its luring song.
The manticore bites you.
* * * LOW HITPOINT WARNING * * *
The manticore claws you but does no damage. x2
The drowned soul touches you. The drowned soul drowns you!
You die...

.....~~.~#~~#~.~~###~#~~~~~~,,,,,
.....##~~.~~~~~~..~~~~*~~~*,,,,,,
.....#~.~#~#~#~~.~#~#~*~~*~,,,,,,
....~~~~~#8~~~~~~~~~~~*~~~,,,,,,,
.....~...##.##~~~~#####~~~~~,,,,,
....~##P~#⌠~~~~~~~~~~⌠#,~~*,,,,,,
.....~#~~#~~~~~~~~8~~~#~~**~,,,,,
.....~.#~#~.~##..~~~~~#,~~~~,,,,,
.....~~~#~~~.#?H@)~~~~#~~~~,,,,,,
.,,,,#~.~..#~#=≈m[#~~~#~~~*~,,,,,
.,,,~#~~~~~.~#)≈≈!#~~~#~~~*~,,,,,
,,,,.~~~~#~.~#!"!$#~~~#~~,~~,,,,,
,,,,~~~..#~.~##~###~~~#~~~~~,,,,,
,,,,~##~~#~~~.~.~~8~~~*~,**~,,,,,
,,,,~~#~~#⌠~~~~~~~~~~⌠,~~**~,,,,,
,,,,,,~~~##~####*******~~~~~,,,,,
,,,,,~~~~,~~~~~~~~~~~,*~~~~~,,,,,


You could see a merfolk avatar (mesmerising) and a manticore.

Vanquished Creatures
  A minotaur (Gauntlet)
  Harold (D:10)
  4 hydras
  A catoblepas (Lair:4)
  2 boulder beetles (D:7)
  Erolcha (D:10)
  6 death yaks (Lair:2)
  Nergalle (Lair:2)
  2 bog bodies (Lair:3)
  An orc knight (Bailey)
  2 ugly things
  A manticore (Lair:5)
  4 black mambas
  6 elephants (Lair:4)
  2 molten gargoyles (Lair:4)
  9 cane toads
  9 komodo dragons
  2 torpor snails
  3 rime drakes
  4 polar bears
  7 dream sheep
  16 blink frogs
  2 raiju (Gauntlet)
  A snapping turtle (Lair:5)
  4 wyverns
  44 yaks
  4 basilisks
  A redback (Lair:3)
  2 steam dragons (D:7)
  A vampire mosquito (D:7)
  An acid dragon (D:10)
  12 water moccasins
  6 orc warriors
  3 sky beasts (D:7)
  3 black bears
  3 ogres
  6 wolves (Lair:3)
  4 centaurs
  A phantom (D:4)
  8 kobold brigands
  7 bullfrogs
  4 necrophages
  6 gnoll sergeants
  2 scorpions
  23 wights
  A killer bee (D:7)
  4 electric eels
  3 howler monkeys
  11 lava snakes
  7 gnoll boudas
  2 jellies (D:6)
  6 orc priests
  6 hounds
  10 iguanas
  Natasha (thrice) (D:3)
  Terence (D:3)
  8 orc wizards
  2 lightning spires (Gauntlet)
  34 gnolls
  8 adders
  3 shadow imps
  3 white imps (D:6)
  2 ufetubi
  5 worms
  A dart slug (D:4)
  21 orcs
  8 ball pythons
  4 bats (D:1)
  8 endoplasms
  5 giant cockroaches
  4 goblins
  7 hobgoblins
  5 jackals (D:8)
  A quokka (D:1)
  6 frilled lizards
  23 kobolds
  3 rats (D:1)
448 creatures vanquished.

Vanquished Creatures (others)
  30 fungi
  63 plants
93 creatures vanquished.

Grand Total: 541 creatures vanquished

Notes
Turn   | Place    | Note
-------+----------+-------------------------------------------
     0 | D:1      | KamiKatze the Minotaur Berserker began the quest for the
                  | Orb.
     0 | D:1      | Reached XP level 1. HP: 19/19 MP: 0/0
   160 | D:1      | Reached XP level 2. HP: 27/27 MP: 1/1
   171 | D:1      | Reached skill level 4 in Axes
  1079 | D:2      | Reached XP level 3. HP: 33/33 MP: 2/2
  1120 | D:2      | Reached ** piety under Trog
  1239 | D:2      | Found a faded altar of an unknown god.
  1657 | D:3      | Noticed Terence
  1678 | D:3      | Killed Terence
  1679 | D:3      | Reached skill level 1 in Throwing
  1679 | D:3      | Reached XP level 4. HP: 12/41 MP: 3/3
  2040 | D:3      | Noticed Natasha
  2050 | D:3      | Killed Natasha
  2051 | D:3      | Reached skill level 1 in Evocations
  2106 | D:3      | Reached XP level 5. HP: 21/47 MP: 4/4
  2294 | D:3      | Noticed Natasha
  2303 | D:3      | Killed Natasha
  2647 | D:3      | Noticed Natasha
  2656 | D:3      | Killed Natasha
  2657 | D:3      | Reached skill level 5 in Fighting
  2657 | D:3      | Reached skill level 5 in Axes
  2899 | D:4      | Found a staircase to the Ecumenical Temple.
  2913 | D:4      | Reached XP level 6. HP: 32/56 MP: 5/5
  2914 | Temple   | Entered the Ecumenical Temple
  3510 | D:5      | Entered Level 5 of the Dungeon
  3547 | D:4      | Reached skill level 6 in Axes
  3738 | D:5      | Reached XP level 7. HP: 19/61 MP: 6/6
  3837 | D:5      | Reached *** piety under Trog
  3985 | D:5      | Found Botai's Weapon Emporium.
  4148 | D:5      | Reached skill level 7 in Axes
  4593 | D:4      | Reached skill level 8 in Axes
  5074 | D:5      | Reached skill level 9 in Axes
  5575 | D:6      | Reached XP level 8. HP: 62/70 MP: 7/7
  5600 | D:6      | Reached skill level 10 in Axes
  5915 | D:6      | Reached skill level 11 in Axes
  6415 | D:6      | Reached XP level 9. HP: 54/78 MP: 8/8
  6465 | D:6      | Found Gozag's Platinum Reserve.
  6471 | D:6      | Found an opulent altar of Gozag.
  6671 | D:7      | Found Foustyma's Vocational Training.
  6742 | D:7      | Reached skill level 12 in Axes
  6804 | D:7      | Noticed a boulder beetle
  6824 | D:7      | Noticed a white ugly thing
  6830 | D:7      | Reached skill level 5 in Armour
  6842 | D:7      | Killed a white ugly thing
  6843 | D:7      | Reached skill level 5 in Dodging
  6847 | D:7      | Noticed a boulder beetle
  6899 | D:7      | Reached **** piety under Trog
  6949 | D:7      | Reached skill level 13 in Axes
  7051 | D:7      | Found Niqo's Jewellery Shoppe.
  7378 | D:7      | Reached XP level 10. HP: 87/88 MP: 9/9
  7383 | D:7      | Identified the +4 fire dragon scales "Atsor" {rF++ rC-
                  | Int+3 Dex+3}
  7423 | D:7      | Killed a boulder beetle
  7602 | D:8      | Found a flagged portal.
  7611 | Bailey   | Entered a bailey
  7774 | Bailey   | Reached skill level 1 in Shields
  8025 | Bailey   | Identified the +7 dagger of Peit {flame, Fly rC+}
  8105 | Bailey   | Noticed an orc knight
  8129 | Bailey   | Killed an orc knight
  8247 | Bailey   | Found a bloodstained altar of Trog.
  8313 | D:8      | Reached skill level 14 in Axes
  8592 | D:8      | Reached ***** piety under Trog
  8791 | D:8      | Found Weff's Magic Scroll Emporium.
  8846 | D:8      | Bought a scroll of enchant armour for 90 gold pieces
  8911 | D:8      | Reached XP level 11. HP: 87/97 MP: 10/10
  9223 | D:9      | Found a staircase to the Lair.
  9749 | D:9      | Noticed a green ugly thing
  9758 | D:9      | Killed a green ugly thing
  9869 | D:10     | Entered Level 10 of the Dungeon
  9961 | D:10     | Noticed Harold
  9975 | D:10     | Received a gift from Trog
  9979 | D:10     | Killed Harold
 10212 | D:10     | Noticed Erolcha
 10220 | D:10     | Killed Erolcha
 10457 | D:10     | Found a shadowy altar of Dithmenos.
 10457 | D:10     | Found a sparkling altar of Nemelex Xobeh.
 11168 | Lair:1   | Entered Level 1 of the Lair of Beasts
 11184 | Lair:1   | Found a shimmering altar of Xom.
 11192 | Lair:1   | Reached skill level 15 in Axes
 11272 | D:7      | Killed a boulder beetle
 11273 | D:7      | Reached skill level 5 in Shields
 11276 | D:7      | Bought an amulet of regeneration for 390 gold pieces
 11334 | D:8      | Bought a scroll of acquirement for 624 gold pieces
 11336 | D:8      | Acquired the +4 pair of gloves of Edighuy {rElec Regen+
                  | rCorr Dex-2}
 11578 | Lair:1   | Reached skill level 10 in Fighting
 12061 | Lair:2   | Noticed Nergalle
 12072 | Lair:2   | Killed Nergalle
 12111 | Lair:2   | Reached XP level 12. HP: 103/106 MP: 11/11
 12203 | Lair:2   | Noticed a six-headed hydra
 12218 | Lair:2   | Killed a six-headed hydra
 12271 | Lair:2   | Noticed a five-headed hydra
 12313 | Lair:2   | Killed a five-headed hydra
 12314 | Lair:2   | Reached skill level 16 in Axes
 12636 | Lair:2   | Noticed a death yak
 12636 | Lair:2   | Noticed a death yak
 12646 | Lair:2   | Noticed a death yak
 12647 | Lair:2   | Noticed a death yak
 12650 | Lair:2   | Noticed a death yak
 12668 | Lair:2   | Killed a death yak
 12670 | Lair:2   | Noticed a death yak
 12680 | Lair:2   | Killed a death yak
 12694 | Lair:2   | Killed a death yak
 12703 | Lair:2   | Killed a death yak
 12713 | Lair:2   | Killed a death yak
 12713 | Lair:2   | HP: 2/165 [death yak (19)]
 12714 | Lair:2   | Killed a death yak
 13155 | Lair:3   | Reached skill level 10 in Armour
 13184 | Lair:3   | Reached skill level 17 in Axes
 13221 | Lair:3   | Reached XP level 13. HP: 116/116 MP: 12/12
 13239 | Lair:3   | Found a staircase to the Swamp.
 13351 | Lair:3   | Identified the +4 short sword "Watiac" {vorpal, rF+ rC+}
 13396 | Lair:3   | Found a hole to the Spider Nest.
 13941 | Lair:4   | Found a runed translucent gate.
 13941 | Lair:4   | Found a runed translucent gate.
 13941 | Lair:4   | Found a runed translucent gate.
 13942 | Lair:4   | Noticed an azure jelly
 13942 | Lair:4   | Noticed an acid blob
 13942 | Lair:4   | Noticed an acid blob
 13942 | Lair:4   | Noticed duchin's ghost (journeyman MfHu)
 13942 | Lair:4   | Noticed an azure jelly
 13942 | Lair:4   | Noticed an acid blob
 13943 | Lair:4   | Noticed an acid blob
 13943 | Lair:4   | Noticed an azure jelly
 13943 | Lair:4   | Noticed an acid blob
 13944 | Lair:4   | Noticed an acid blob
 13945 | Lair:4   | Noticed a rockslime
 14128 | Lair:4   | Received a gift from Trog
 14202 | Lair:4   | Reached skill level 10 in Dodging
 14337 | Lair:4   | Found a staircase to the Slime Pits.
 14338 | Lair:4   | Found a viscous altar of Jiyva.
 14891 | Lair:4   | Found a viscous altar of Jiyva.
 14922 | Lair:5   | Entered Level 5 of the Lair of Beasts
 15026 | Lair:5   | Found a gate leading to a gauntlet.
 15045 | Gauntlet | Entered a Gauntlet
 15045 | Gauntlet | Found a transporter.
 15045 | Gauntlet | Found a transporter.
 15045 | Gauntlet | Found a transporter.
 15046 | Gauntlet | Found a transporter.
 15049 | Gauntlet | Found a transporter.
 15052 | Gauntlet | Found a large runed translucent door.
 15053 | Gauntlet | Found a large runed translucent door.
 15054 | Gauntlet | Found a large runed translucent door.
 15054 | Gauntlet | Found a large runed translucent door.
 15054 | Gauntlet | Found a runed translucent door.
 15055 | Gauntlet | Found a large runed translucent door.
 15059 | Gauntlet | Found a large runed translucent door.
 15060 | Gauntlet | Found a large runed translucent door.
 15061 | Gauntlet | Found a large runed translucent door.
 15063 | Gauntlet | Found a runed translucent gate.
 15065 | Gauntlet | Found a transporter.
 15135 | Gauntlet | Found a transporter.
 15155 | Gauntlet | Found a transporter.
 15168 | Gauntlet | Found a transporter.
 15182 | Gauntlet | Found a transporter.
 15198 | Gauntlet | Found a transporter.
 15200 | Gauntlet | Found a large runed translucent door.
 15201 | Gauntlet | Found a large runed translucent door.
 15202 | Gauntlet | Found a large runed translucent door.
 15202 | Gauntlet | Found a large runed translucent door.
 15203 | Gauntlet | Found a large runed translucent door.
 15203 | Gauntlet | Found a large runed translucent door.
 15203 | Gauntlet | Found a runed translucent gate.
 15203 | Gauntlet | Found a runed translucent door.
 15204 | Gauntlet | Found a large runed translucent door.
 15205 | Gauntlet | Found a large runed translucent door.
 15206 | Gauntlet | Found a transporter.
 15206 | Gauntlet | Found a runed translucent gate.
 15335 | Gauntlet | Identified the +0 cloak of the Okapi {Fly Int-5 Dex+4
                  | Slay+2}
 15363 | Gauntlet | Identified the ring "Yresmomi" {rF- rN+ Int+4 Dex+6}
 15394 | Gauntlet | Identified the ring "Ypito" {Will+ MP+9 Int+2}
 15394 | Gauntlet | Noticed a minotaur
 15408 | Gauntlet | Killed a minotaur
 15428 | Gauntlet | Found the +3 giant club "Skullcrusher" {speed, Str+7}
 15680 | Lair:5   | Reached skill level 5 in Evocations
 15694 | Lair:5   | Reached XP level 14. HP: 122/127 MP: 13/13
 15729 | Lair:5   | HP: 3/127 [drowned by a drowned soul[a merfolk avatar]
                  | (11)]
 15730 | Lair:5   | HP: 1/127 [manticore (4)]
 15730 | Lair:5   | Drowned by a drowned soul

Illustrated notes

Levels and vault maps discovered:
D:1:      dpeg_arrival_round_c, layout_basic
D:2:      layout_rooms, basic_ecumenical_altar, minmay_statues_item,
          dreamdust_princess_bridge, minmay_misc_feat_chi
D:3:      minmay_spotlight, layout_loops_corners, uniq_natasha, uniq_terence
D:4:      layout_loops_ring, minmay_temple_entry_grid
D:5:      layout_layer_cave, serial_bayou_pond_a, nicolae_take_the_stairs,
          grunt_decor_one_mirror
D:6:      layout_basic, nicolae_gozag_zags_fifth_avenue
D:7:      minmay_clustersquares, layout_basic, serial_shops,
          nicolae_square_shop, nicolae_shop_vocational
D:8:      layout_cave_pools, enter_bailey_6, serial_gnoll_camp,
          gnoll_camp_mini_hut, gnoll_camp_huts_basic, gnoll_camp_mini_doghouse,
          gnoll_camp_mini_hut, gnoll_camp_mini_hut, kennysheep_windowed_goal
D:9:      layout_roguey, david_lair_shrubbed, minmay_lizard_king
D:10:     layout_grid_maze, grunt_temple_overflow_open, uniq_harold,
          uniq_erolcha
Temple:   nicolae_temple_bog_church
Lair:1:   layout_regular_city, basic_altar, nicolae_lair_liquid_snakes
Lair:2:   layout_regular_city, grunt_megastairs_3, uniq_nergalle
Lair:3:   layout_chaotic_city, skrybe_swamp_entry_bodies,
          spider_nest_entry_rubble, grunt_megastairs_4,
          infiniplex_staircase_pool
Lair:4:   cheibrodos_magma_flow, layout_regular_city, slime_entry_1,
          gammafunk_ghost_ooze
Lair:5:   gammafunk_lair_ancient_temple, layout_regular_city,
          gauntlet_entry_generic, basic_altar, nicolae_lair_time_for_slime

Skill      XL: |  1  2  3  4  5  6  7  8  9 10 11 12 13 |
---------------+----------------------------------------+-----
Axes           | 4 5 6 9 11 13 14 15 17 | 17.6
Fighting       | 4 5 6 8 9 10 11 12 | 12.7
Throwing       | 1 2 4 |  4.0
Armour         | 3 4 6 7 8 10 11 | 11.5
Evocations     | 1 2 4 5 |  5.0
Dodging        | 3 4 5 6 8 9 10 | 10.7
Shields        | 3 5 7 9 |  9.6

Action                   |  1- 3 |  4- 6 |  7- 9 | 10-12 | 13-15 || total
-------------------------+-------+-------+-------+-------+-------++-------
Melee: Hand axe          |    72 |   134 |    83 |       |       ||   289
       Headbutt          |    11 |    27 |    48 |   126 |    75 ||   287
       Punch             |     1 |     2 |       |       |       ||     3
       War axe           |       |       |   167 |   564 |   285 ||  1016
       Morningstar       |       |       |       |    20 |    14 ||    34
       Broad axe         |       |       |       |       |    26 ||    26
Throw: Dart              |       |       |     3 |    23 |       ||    26
Invok: Berserk           |     1 |     2 |     5 |     5 |     1 ||    14
       Trog's Hand       |       |       |     2 |     6 |     2 ||    10
  Use: Scroll            |       |       |       |    17 |     8 ||    25
       Potion            |       |       |       |     1 |     1 ||     2
 Stab: Petrified         |       |       |       |       |     5 ||     5
       Invisible         |       |       |       |       |     2 ||     2
Armor: Animal skin       |     2 |       |       |       |       ||     2
       Ring mail         |    22 |    33 |    27 |       |       ||    82
       Scale mail        |       |       |    14 |       |       ||    14
       Chain mail        |       |       |    39 |   205 |   164 ||   408
Dodge: Dodged            |    45 |    59 |   129 |   192 |   123 ||   548
Block: Other             |       |       |    17 |     3 |       ||    20
       Reflection        |       |       |     1 |    14 |       ||    15
       Buckler           |       |       |       |   132 |       ||   132
       Kite shield       |       |       |       |   104 |   153 ||   257
